 Dungeon Crawl Stone Soup version 0.30-a0-629-gd54f4be4f7 (console) character file.

Game seed: 4242215575388999815

513 jejorda2 the Poker (level 7, 0/84 HPs)
             Began as a Merfolk Berserker on Jan 12, 2023.
             Was a Priest of Trog.
             Succumbed to a gnoll's poison
             ... on level 5 of the Dungeon.
             The game lasted 00:09:40 (4050 turns).

jejorda2 the Poker (Merfolk Berserker)              Turns: 4050, Time: 00:09:40

Health: 0/84       AC: 23    Str: 20    XL:     7   Next: 20%
Magic:  7/7        EV:  2    Int:  6    God:    Trog [***...]
Gold:   128        SH:  0    Dex: 13    Spells: 6/6 levels left

rFire   . . .      SeeInvis .    a - +3 bardiche
rCold   . . .      Faith    .    (shield currently unavailable)
rNeg    + . .      Spirit   .    (body armour currently unavailable)
rPois   +          Reflect  .    (helmet currently unavailable)
rElec   .          Harm     .    (cloak currently unavailable)
rCorr   .          Rampage  .    (gloves currently unavailable)
Will    .....      NoTele   +    (boots currently unavailable)
Stlth   +                        (no amulet)
HPRegen 0.34/turn                t - ring of positive energy
MPRegen 0.10/turn                (no ring)

@: lethally poisoned (0 -> -1), tree-form, hasted, very quick
A: stationary, stasis, torment immunity, boosted hp, (nimble swimmer 2),
(mertail), (horns 1), (cold resistance 1), (sturdy frame 1)
a: Renounce Religion, Berserk, Trog's Hand


You were on level 5 of the Dungeon.
You worshipped Trog.
Trog was most pleased with you.
You were a tree.
You visited 1 branch of the dungeon, and saw 5 of its levels.

You collected 236 gold pieces.
You spent 108 gold pieces at shops.

Inventory:

Hand Weapons
 a - a +3 bardiche (weapon)
 b - a +0 trident
Missiles
 g - 3 boomerangs
 k - 8 stones (quivered)
 u - 2 poisoned darts
Armour
 x - a +0 scale mail (melded)
Jewellery
 c - a ring of fire
 o - a ring of ice
 t - a ring of positive energy (left branch)
Wands
 r - a wand of roots (5)
 w - a wand of polymorph (9)
Scrolls
 e - a scroll of brand weapon {unknown}
 f - 4 scrolls of teleportation
 h - 2 scrolls of magic mapping {unknown}
 i - a scroll of amnesia {unknown}
 l - 2 scrolls of fog {unknown}
 m - a scroll of noise {unknown}
 n - a scroll of vulnerability {unknown}
 p - 2 scrolls of fear
 y - a scroll of identify
Potions
 d - a potion of resistance
 q - a potion of lignification
 s - 2 potions of attraction


   Skills:
 + Level 5.1 Fighting
 * Level 7.9 Polearms
 - Level 1.3 Armour
 + Level 5.4 Dodging


You had 6 spell levels left.
You didn't know any spells.
Your spell library was empty.

Dungeon Overview and Level Annotations

Branches:
Dungeon (5/15)             Temple (0/1) D:5

Altars:

Shops:
D:3 ?=(   D:5 *(


Innate Abilities, Weirdness & Mutations

You are a tree.
Your roots penetrate the ground, keeping you stationary.
You cannot be teleported.
You are immune to unholy pain and torment.
Your maximum health is greatly increased.
Your equipment is partially melded.
((You are very nimble when in or above water. (Stealth+, EV+, Speed+++)))
((Your lower body shifts to a powerful aquatic tail in water.))
((You have a pair of small horns on your head.))
((Your flesh is cold resistant. (rC+)))
((Your movements are slightly less encumbered by armour. (ER -2)))


Message History

The grasping roots constrict the gnoll.
The roots release their grip on the gnoll.
The gnoll throws a poisoned dart.
The poisoned dart hits you!
Aiming: Fastroot
Press: ? - help, Shift-Dir - straight line, f - gnoll, p - howler monkey
Aim: a gnoll, wielding a +0 spear and quivering poisoned darts (almost dead)
The roots erupt in riotous growth!
Roots grab the gnoll.
The grasping roots constrict the howler monkey.
The grasping roots constrict the gnoll.
You kill the gnoll!
Trog accepts your kill.
* * * LOW HITPOINT WARNING * * *
You feel sick.
The howler monkey struggles to escape constriction.
Aiming: Fastroot
Press: ? - help, Shift-Dir - straight line, f - you The roots erupt in riotous growth!
The grasping roots constrict the howler monkey.
* * * LOW HITPOINT WARNING * * *
You feel sick.
The howler monkey hoots and howls with incredible vigour!
You hear a shout!
You hear a bark!
Aiming: Fastroot
Press: ? - help, Shift-Dir - straight line, f - howler monkey
Aim: a howler monkey (heavily wounded, catching its breath, constricted by roots)
The roots erupt in riotous growth!
The howler monkey is unaffected.
The grasping roots constrict the howler monkey.
The roots release their grip on the howler monkey.
Reach: a) +3 bardiche
Press: ? - help, Dir - move target, f/p - howler monkey
Aim: a howler monkey (heavily wounded, catching its breath, about 48% to evade your +3 bardiche)
You reach to attack!
You hit the howler monkey.
The howler monkey is severely wounded.
* * * LOW HITPOINT WARNING * * *
You feel sick.
Unknown command.
You closely miss the howler monkey.
The howler monkey is severely wounded.
You die...

....
#.....###########
... #.....# ..
#.....# #.....#
#.....#
###.....##########
...................
######+###.........
.......♣.).........
######h###....#.#.#
#' #......... # ..
.....#.... ...
........... ##..
#.∩....g...#...>
....
'...............
#...
.#..........#....
....


You could see a howler monkey (catching breath).

Vanquished Creatures
  A scorpion (D:5)
  2 hounds
  2 gnoll boudas (D:5)
  2 iguanas (D:5)
  An orc wizard (D:3)
  13 gnolls (D:5)
  4 adders
  An ufetubus (D:5)
  A worm (D:2)
  A dart slug (D:2)
  8 orcs
  9 endoplasms
  5 giant cockroaches
  12 goblins
  6 hobgoblins
  4 jackals (D:3)
  2 quokkas
  7 ball pythons
  5 bats
  A frilled lizard (D:1)
  2 kobolds
  3 rats
92 creatures vanquished.

Notes
Turn   | Place    | Note
-------+----------+-------------------------------------------
     0 | D:1      | jejorda2 the Merfolk Berserker began the quest for the Orb.
     0 | D:1      | Reached XP level 1. HP: 18/18 MP: 1/1
   389 | D:1      | Reached XP level 2. HP: 24/24 MP: 2/2
   455 | D:1      | You fall into a shaft and drop 1 floor!
   583 | D:1      | Found a faded altar of an unknown god.
  1290 | D:2      | Reached XP level 3. HP: 21/29 MP: 3/3
  1449 | D:2      | Reached skill level 5 in Polearms
  1666 | D:3      | Reached ** piety under Trog
  1687 | D:3      | Found Heuq Fatujan's Magic Scroll Boutique.
  1690 | D:3      | Bought a scroll of teleportation for 36 gold pieces
  1690 | D:3      | Bought a scroll of fear for 48 gold pieces
  1702 | D:3      | Found Zagiasi's Jewellery Boutique.
  1763 | D:3      | Reached XP level 4. HP: 37/37 MP: 4/4
  2245 | D:3      | Found Plog's Antique Weapon Boutique.
  2652 | D:3      | Bought a scroll of identify for 24 gold pieces
  2795 | D:4      | Reached skill level 6 in Polearms
  2795 | D:4      | Reached XP level 5. HP: 42/42 MP: 5/5
  3478 | D:5      | Entered Level 5 of the Dungeon
  3478 | D:5      | Found Piskesiw's Elemental Accessories.
  3562 | D:5      | Reached *** piety under Trog
  3563 | D:5      | Reached XP level 6. HP: 27/49 MP: 6/6
  3835 | D:5      | Reached skill level 7 in Polearms
  3924 | D:5      | Found a staircase to the Ecumenical Temple.
  3933 | D:5      | Reached skill level 5 in Dodging
  3937 | D:5      | Reached skill level 5 in Fighting
  3937 | D:5      | Reached XP level 7. HP: 42/56 MP: 7/7
  4042 | D:5      | Gained mutation: Your flesh is cold resistant. (rC+)
                  | [potion of mutation]
  4042 | D:5      | Gained mutation: You have a pair of small horns on your
                  | head. [potion of mutation]
  4042 | D:5      | Gained mutation: Your movements are slightly less
                  | encumbered by armour. (ER -2) [potion of mutation]
  4042 | D:5      | HP: 4/84 [poisoned by a gnoll]
  4044 | D:5      | Found Lucoc's Weapon Shoppe.
  4047 | D:5      | HP: 1/84 [poisoned by a gnoll]
  4050 | D:5      | Succumbed to a gnoll's poison

Illustrated notes

Levels and vault maps discovered:
D:1:      roderic_crossed_star, layout_loops_corners,
          shapermc_ecumenical_altar_hornbeckon, minivault_19
D:2:      layout_loops_cross
D:3:      layout_basic, serial_shops, shop, nicolae_shop_behind_doors, shop,
          serial_glass, glass_columns_a, glass_columns_b, item_on_display_a,
          feat_on_display
D:4:      layout_loops_ring, minmay_goblin_outpost
D:5:      layout_basic, minmay_temple_entry_glass, serial_shops, shop,
          gammafunk_ghost_gnarly_gnolls, minmay_misc_feat_doors,
          nicolae_elemental_shop, minmay_starry_boxes

Skill      XL: |  1  2  3  4  5  6 |
---------------+-------------------+-----
Dodging        | 3 4 5 |  5.4
Polearms       | 5 6 7 |  7.9
Fighting       | 4 5 |  5.1
Armour         | |  1.3

Action                   |  1- 3 |  4- 6 |  7- 9 || total
-------------------------+-------+-------+-------++-------
Melee: Spear             |   104 |     8 |       ||   112
       Punch             |     1 |       |       ||     1
       Trident           |       |   145 |       ||   145
       Halberd           |       |    19 |       ||    19
       Bardiche          |       |     8 |    20 ||    28
Throw: Stone             |     1 |    11 |       ||    12
Invok: Berserk           |     1 |     2 |       ||     3
       Trog's Hand       |       |       |     1 ||     1
Evoke: Wand              |       |       |     6 ||     6
  Use: Scroll            |       |     3 |       ||     3
       Potion            |       |       |     3 ||     3
 Stab: Distracted        |       |     1 |       ||     1
Armor: Ring mail         |    26 |    29 |       ||    55
       Scale mail        |       |    16 |     7 ||    23
       Skin              |       |       |     5 ||     5
Dodge: Dodged            |    29 |    88 |    22 ||   139

Table legend: (Time is in decaauts)
 A = Elapsed time spent in this place.
 B = Non-inter-level travel time spent in this place.
 C = Inter-level travel time spent in this place.
 D = Time resting spent in this place.
 E = Time spent auto-exploring this place.
 F = Levels seen in this place.
 G = Mean time per level.
                   A        B        C        D        E       F      G
               +--------+--------+--------+--------+--------+-----+--------+
         Total |   4066 |   3806 |    260 |    359 |   2787 |   5 |  813.2 |
       Dungeon |   4066 |   3806 |    260 |    359 |   2787 |   5 |  813.2 |
               +--------+--------+--------+--------+--------+-----+--------+

Top non-repeatable levels by time:
     D:3: 1070 daAuts
     D:4: 1036 daAuts
     D:1: 900 daAuts
     D:2: 734 daAuts
     D:5: 325 daAuts
